 Dungeon Crawl Stone Soup version 0.31-a0-229-g1fc7ce93e2 (webtiles) character file.

Game seed: 5480318770991677168

161 qw the Shooter (level 5, 0/30 HPs)
             Began as a Gargoyle Hexslinger on July 6, 2023.
             Slain by a goblin
             ... wielding a +0 club
             ... led by Robin
              (5 damage)
             ... on level 3 of the Dungeon.
             The game lasted 00:00:50 (1869 turns).

qw the Shooter (Gargoyle Hexslinger)                Turns: 1869, Time: 00:00:50

Health: 0/30       AC: 11    Str: 12    XL:     5   Next: 42%
Magic:  6/6        EV: 10    Int: 13    God:
Gold:   58         SH:  0    Dex: 14    Spells: 5/6 levels left

rFire   . . .        Y - +3 sling
rCold   . . .        (no shield)
rNeg    + . .        a - +0 ring mail
rPois   inf          (no helmet)
rElec   +            (no cloak)
rCorr   .            h - +0 pair of gloves
SInv    .            d - +0 pair of boots
Will    .....        (no amulet)
Stlth   +            (no ring)
HPRegen 0.25/turn    (no ring)
MPRegen 0.10/turn

%: no passive effects
@: about to teleport
A: sickness immunity, AC +4, negative energy resistance 1, electricity
resistance, torment resistance 1, petrification resistance
a: no special abilities


You were on level 3 of the Dungeon.
You visited 1 branch of the dungeon, and saw 3 of its levels.

You collected 58 gold pieces.


Innate Abilities, Weirdness & Mutations

You are immune to sickness and miasma.
Your stone body is resilient. (AC +4)
You are immune to poison.
You resist negative energy. (rN+)
You are resistant to electric shocks. (rElec)
You are resistant to unholy torment.
You are immune to petrification.


   Skills:
 + Level 2.0 Fighting
 - Level 5.0 Ranged Weapons
 - Level 1.0 Armour
 - Level 1.5 Dodging
 - Level 1.0 Spellcasting
 - Level 2.6 Hexes


You had 5 spell levels left.
You knew the following spells:

 Your Spells              Type           Power      Damage    Failure   Level
a - Slow                  Hex            28%        N/A       22%         1

Your spell library contained the following spells:

 Spells                   Type           Power      Damage    Failure   Level
 Inner Flame              Hex/Fire       4%         N/A       73%         3
 Portal Projectile        Hex/Tloc       8%         N/A       73%         3
 Cause Fear               Hex            3%         N/A       91%         4

Inventory:

Hand Weapons
 Y - a +3 sling (weapon)
Armour
 a - a +0 ring mail (worn)
 d - a +0 pair of boots (worn)
 h - a +0 pair of gloves (worn)
Jewellery
 c - a ring of protection from cold
 j - an amulet of the acrobat
Scrolls
 b - a scroll of identify
Potions
 e - a potion of magic {unknown}
 f - a potion of curing
 g - a potion of mutation {unknown}
 k - a potion of resistance {unknown}

Dungeon Overview and Level Annotations

Branches:
Dungeon (3/15)

Altars:
Ashenzari


Message History

A goblin comes into view. It is wielding a +0 dagger.
The goblin hits you but does no damage. x2
You shoot a sling bullet. The sling bullet hits Robin.
Robin is moderately wounded.
Robin barely misses you. The goblin closely misses you.
The goblin hits you but does no damage. x2
You shoot a sling bullet. The sling bullet hits Robin!
Robin is severely wounded.
Robin roars a battlecry!
The goblins go into a battle-frenzy!
The goblin misses you. The goblin closely misses you.
The goblin hits you but does no damage.
You shoot a sling bullet.
The sling bullet completely misses Robin.
Robin hits you but does no damage.
The goblin hits you but does no damage. x2
The goblin barely misses you.
The goblin hits you but does no damage. x3
You shoot a sling bullet. The sling bullet hits Robin.
Robin is almost dead.
Robin hits you but does no damage. The goblin hits you with a +0 club.
The goblin hits you with a +0 dagger. The goblin barely misses you.
You shoot a sling bullet. The sling bullet hits Robin!
You kill Robin!
The goblin hits you with a +0 club. The goblin hits you but does no damage.
The goblin barely misses you.
Your Ranged Weapons skill increases to level 5!
You shoot a sling bullet.
The sling bullet closely misses the goblin.
The goblin barely misses you. The goblin hits you with a +0 dagger.
The goblin hits you but does no damage. x2
You shoot a sling bullet. The sling bullet hits the goblin.
You kill the goblin!
The goblin misses you. The goblin barely misses you.
The goblin hits you with a +0 club. The goblin hits you but does no damage.
The goblin hits you with a +0 club. The goblin closely misses you.
A goblin comes into view. It is wielding a +0 club.
1869 ||| READING scroll of teleportation.
As you read the scroll of teleportation, it crumbles to dust.
You feel strangely unstable. The goblin hits you with a +0 club.
You die...

##### #...# ##
#...#
gggg###...#
g.ggg.'...+
#g).#
###+#@g.#
#..gg#### ##
#...g# #.. ###
#....#
..######
#....#########
.....##
#....##......#
#+##..###
####.##......#
...#..#[#
#..#......#
._.#.##.#
##.'......# #


You could see a hobgoblin (strong) and 4 goblins.

Vanquished Creatures
  Natasha (twice) (D:2)
  Robin (D:3)
  4 adders
  2 dart slugs (D:1)
  5 ball pythons
  7 endoplasms
  3 giant cockroaches
  7 goblins
  10 hobgoblins
  3 jackals (D:1)
  3 kobolds
  A quokka (D:1)
  4 bats
  4 frilled lizards
  A rat (D:1)
57 creatures vanquished.

Notes
Turn   | Place    | Note
-------+----------+-------------------------------------------
     0 | D:1      | qw the Gargoyle Hexslinger began the quest for the Orb.
     0 | D:1      | Reached XP level 1. HP: 12/12 MP: 2/2
     0 | D:1      | 0 ||| qw: Version: 0.3-a-46-gb1f654a
     0 | D:1      | 0 ||| qw: Game counter: 1540
     0 | D:1      | 0 ||| qw: Melee chars always use a shield: true
     0 | D:1      | 0 ||| qw: God list: Okawaru
     0 | D:1      | 0 ||| qw: Allow faded altars: false
     0 | D:1      | 0 ||| qw: Do Orc after clearing Dungeon:15 true
     0 | D:1      | 0 ||| qw: Do second Lair branch before Depths: true
     0 | D:1      | 0 ||| qw: Lair rune preference: random
     0 | D:1      | 0 ||| qw: Goals: Normal
     0 | D:1      | 0 ||| PLANNING D:1-11
    66 | D:1      | Reached XP level 2. HP: 16/16 MP: 3/3
   143 | D:1      | Reached skill level 3 in Ranged Weapons
   379 | D:1      | Reached XP level 3. HP: 21/21 MP: 4/4
   524 | D:1      | 524 ||| UPGRADING to +0 pair of gloves.
   529 | D:1      | 529 ||| DROPPING scarf of harm.
   530 | D:1      | 530 ||| READING scroll labelled XEOFAN PEISICH.
   531 | D:1      | 531 ||| READING 2 scrolls labelled IJU GUIXTU.
   534 | D:1      | 534 ||| DRINKING 2 white potions.
   535 | D:1      | 535 ||| DROPPING scroll of poison.
   735 | D:2      | Reached XP level 4. HP: 26/26 MP: 5/5
   790 | D:2      | Reached skill level 4 in Ranged Weapons
   884 | D:2      | Noticed Natasha
   898 | D:2      | Killed Natasha
  1035 | D:2      | Noticed Natasha
  1047 | D:2      | Killed Natasha
  1048 | D:2      | Reached XP level 5. HP: 9/30 MP: 6/6
  1289 | D:2      | 1289 ||| READING scroll of enchant weapon.
  1289 | D:2      | 1289 ||| ENCHANTING +2 sling.
  1478 | D:2      | 1478 ||| UPGRADING to +0 ring mail.
  1488 | D:2      | 1488 ||| DROPPING +0 robe.
  1489 | D:2      | 1489 ||| UPGRADING to +0 pair of boots.
  1494 | D:2      | 1494 ||| READING scroll labelled KYSE XYGRECRI.
  1495 | D:2      | 1495 ||| READING scroll labelled DUIRHO ZENAPH.
  1496 | D:2      | 1496 ||| READING scroll labelled GAICRI XATOHA.
  1595 | D:3      | Found a broken altar of Ashenzari.
  1665 | D:3      | Reached skill level 1 in Armour
  1845 | D:3      | Noticed Robin
  1846 | D:3      | 1846 ||| Stepping ~*~*~tactically~*~*~ (outnumbered).
  1866 | D:3      | Killed Robin
  1867 | D:3      | Reached skill level 5 in Ranged Weapons
  1868 | D:3      | HP: 5/30 [goblin/+0 club[Robin] (3)]
  1869 | D:3      | 1869 ||| READING scroll of teleportation.
  1869 | D:3      | Slain by a goblin

Levels and vault maps discovered:
D:1:      mushboom_english_gardens, layout_basic, st_stairs_8
D:2:      layout_basic, uniq_natasha
D:3:      layout_basic, nicolae_ashenzari_skybound, grunt_ministairs_2,
          uniq_robin

Skill      XL: |  1  2  3  4  5 |
---------------+----------------+-----
Ranged Weapons | 3 4 5 |  5.0
Fighting       | 2 |  2.0
Armour         | 1 |  1.0
Dodging        | |  1.5
Spellcasting   | |  1.0
Hexes          | |  2.6

Action                     |  1- 3 |  4- 6 || total
---------------------------+-------+-------++-------
   Fire: Sling             |    98 |   110 ||   208
    Use: Scroll            |     2 |     5 ||     7
         Potion            |     1 |       ||     1
 Armour: Robe              |    12 |    10 ||    22
         Ring mail         |       |    46 ||    46
  Dodge: Dodged            |    17 |    74 ||    91

Table legend:
 A = Non-vault XP
 B = Vault XP
 C = Vault XP percentage of total XP
 D = Non-vault monster count
 E = Vault monster count
 F = Vault count percentage of total count
                 A         B        C        D         E       F
            +---------+---------+-------+---------+---------+-------
      Total |     157 |      74 |  32.0 |      45 |      12 |  21.1
            +---------+---------+-------+---------+---------+-------
        D:1 |      40 |       8 |  16.7 |      24 |       2 |   7.7
        D:2 |      97 |      35 |  26.5 |      16 |       1 |   5.9
        D:3 |      20 |      31 |  60.8 |       5 |       9 |  64.3
            +---------+---------+-------+---------+---------+-------
